 Dungeon Crawl Stone Soup version 0.28-a0-691-gad6df49e81 (webtiles) character file.

Game seed: 10486271461473535131

68 shoop the Magician (level 4, 31/31 HPs)
             Began as a Djinni Fire Elementalist on Oct 21, 2021.
             Was a Follower of Cheibriados.
             Quit the game on level 3 of the Dungeon.
             The game lasted 00:04:52 (3200 turns).

shoop the Magician (Djinni Fire Elementalist)       Turns: 3200, Time: 00:04:52

Health: 31/31      AC:  3    Str:  9    XL:     4   Next: 41%
Gold:   122        EV: 12    Int: 20    God:    Cheibriados [*.....] SH:  0 Dex: 15

rFire   + + .      SeeInvis .   n - +2 hand axe (holy)
rCold   x . .      Faith    .   (no shield)
rNeg    . . .      Spirit   .   b - +0 leather armour
rPois   ∞          Reflect  .   (no helmet)
rElec   .          Harm     .   (no cloak)
rCorr   .          Rampage  .   (no gloves)
Will    .....                   (boots unavailable)
Stlth   ++........              (no amulet)
HPRegen 0.10/turn               (no ring)
MPRegen 0.00/turn               (no ring)

@: flying, very slow
A: sickness immunity, fire resistance 2, cold vulnerability 1, float, innate
caster, hp casting, extra vitality 1
a: Renounce Religion, Bend Time


You were on level 3 of the Dungeon.
You worshipped Cheibriados.
Cheibriados was aware of your devotion.
You visited 1 branch of the dungeon, and saw 3 of its levels.

You collected 122 gold pieces.

Inventory:

Hand Weapons
 c - a +0 short sword
 j - a +0 falchion
 n - a +2 hand axe of holy wrath (weapon)
Missiles
 h - 46 poisoned darts
Armour
 a - a +0 robe
 b - a +0 leather armour (worn)
Wands
 k - a wand of flame (12)
Scrolls
 d - 3 scrolls of identify {unknown}
 e - a scroll of noise {unknown}
 f - 3 scrolls of teleportation {unknown}
 g - a scroll of enchant weapon {unknown}
 l - a scroll of acquirement {unknown}
Potions
 i - a potion of might {unknown}
 m - a potion of lignification {unknown}
 o - a potion of resistance {unknown}
 p - a potion of magic {unknown}
 q - a potion of invisibility {unknown}


   Skills:
 - Level 2.1 Dodging
 - Level 1.5 Stealth
 + Level 3.8 Spellcasting


You couldn't memorise any spells.
You knew the following spells:

 Your Spells              Type           Power      Damage    Failure   Level
a - Foxfire               Conj/Fire      76%        2x1d7     3%          1
b - Scorch                Fire           38%        2d7       5%          2
c - Conjure Flame         Conj/Fire      19%        6-21      11%         3
d - Inner Flame           Hex/Fire       19%        N/A       11%         3
e - Flame Wave            Conj/Fire      19%        3d5       36%         4
f - Sting                 Tmut/Pois      76%        1d6       3%          1
Your spell library was empty.

Dungeon Overview and Level Annotations

Branches:
Dungeon (3/15)

Altars:
Cheibriados

Annotations:
D:2 1 runed translucent door, Crazy Yiuf


Innate Abilities, Weirdness & Mutations

You are immune to sickness and miasma.
You are immune to poison.
Your flesh is very heat resistant. (rF++)
You are vulnerable to cold. (rC-)
You float through the air rather than walking.
You learn spells naturally, not from books.
Your magical power is your life essence.
You have superior vitality. (+4 HP)


Message History

The adder zombie is severely damaged.
Casting: Foxfire (safe; 4% risk of failure)
Confirm with . or Enter, or press ? or * to list all spells.
You conjure some foxfire!
The foxfire hits the adder zombie.
You destroy the adder zombie!
Your foxfire dissipates!
Your foxfire dissipates!
p - a bubbling ruby potion
Found a stone staircase leading up.
There is a stone staircase leading up here.
There is a stone staircase leading up here.
There is a stone staircase leading up here.
Found a stone staircase leading down.
q - a blue potion
Found a faded altar of an unknown god.
Things that are here:
a +0 robe; a human skeleton
There is a faded altar of an unknown god here.
There is a stone staircase leading down here.
Found a stone staircase leading down.
(D) Dungeon
Where to? (Enter - D:3, ? - help)
Okay, then.
Unknown command.
There is a stone staircase leading down here.
There is a stone staircase leading down here.
There is a stone staircase leading down here.
Done exploring.
Search for what [? for help]? alt
Things that are here:
a +0 robe; a human skeleton
There is a faded altar of an unknown god here.
You cannot tell which god this altar belongs to.
Convert to them anyway?
Cheibriados accepts your prayer! Cheibriados welcomes you!
Cheibriados begins to support your attributes as your movement slows.
You can now bend time to slow others.
Cheibriados is now slowing the effects of poison on you.
Cheibriados raises the support of your attributes as your movement slows.
Are you sure you want to abandon this character and quit the game? (Confirm with "yes".)

#####.####### #.####.......###
..(.........# #.# #..........
#####.#####.# #.# #.......... #
#.# #.# ### #.#........ #####.#
#.# ##P## #.#.#...### ......# #.#
#P..###.#.##.## # ####### #.#
#...P#P##.##.# # # #.#
#♣[≈≈.#.P#.##.# ## #.#
#@.≈≈..#.#.##.# .# #.#
#♣.PP.##.#.##.# .##########.#
#...P#P.P.##.# #
............#####P..####..##.####
.#########......##P##..##........
......####.#####.###.############
.####...............##
.#########.#######.##
............# ###


There were no monsters in sight!

Vanquished Creatures
  An adder (D:2)
  An adder zombie (D:3)
  3 dart slugs (D:1)
  An orc (D:2)
  2 bats (D:1)
  2 endoplasms (D:3)
  A giant cockroach (D:3)
  5 goblins
  8 hobgoblins
  2 jackals (D:2)
  2 quokkas (D:1)
  3 ball pythons
  A ball python skeleton (D:3)
  A ball python zombie (D:3)
  4 frilled lizards
  5 kobolds
  4 rats
46 creatures vanquished.

Vanquished Creatures (others)
  141 foxfires
141 creatures vanquished.

Grand Total: 187 creatures vanquished

Notes
Turn   | Place    | Note
-------+----------+-------------------------------------------
     0 | D:1      | shoop the Djinni Fire Elementalist began the quest for the
                  | Orb.
     0 | D:1      | Reached XP level 1. HP: 15/15 MP: 0/0
   280 | D:1      | Reached XP level 2. HP: 19/21 MP: 0/0
   435 | D:1      | Reached skill level 3 in Spellcasting
   661 | D:1      | Reached XP level 3. HP: 12/25 MP: 0/0
   661 | D:1      | Learned a level 1 spell: Sting
  1850 | D:2      | Found a runed translucent door.
  1851 | D:2      | Noticed Crazy Yiuf
  1902 | D:2      | Reached XP level 4. HP: 30/31 MP: 0/0
  2996 | D:3      | Found a faded altar of an unknown god.
  3199 | D:3      | Prayed at the altar of an unknown god.
  3199 | D:3      | Became a worshipper of Cheibriados the Contemplative
  3199 | D:3      | Reached * piety under Cheibriados
  3200 | D:3      | Quit the game

Illustrated notes

Levels and vault maps discovered:
D:1:      lightli_iron_boxes, layout_loops_ring, minmay_heptomino_w4
D:2:      layout_loops_cross, uniq_crazy_yiuf_cottage
D:3:      layout_loops_ring, dreamdust_ecumenical_altar_hidden_monk_grotto,
          serial_undead, serial_undead_f, serial_undead_c, serial_undead_a,
          serial_undead_d

Skill      XL: |  1  2 |
---------------+-------+-----
Spellcasting   | 3 |  3.8
Dodging        | |  2.1
Stealth        | |  1.5

Action                   |  1- 3 |  4- 6 || total
-------------------------+-------+-------++-------
Melee: Falchion          |     2 |       ||     2
       Hand axe          |       |     2 ||     2
 Cast: Foxfire           |    63 |    26 ||    89
       Scorch            |       |     1 ||     1
Armor: Leather armour    |     1 |     2 ||     3
Dodge: Dodged            |     4 |     8 ||    12

Table legend: (Time is in decaauts)
 A = Elapsed time spent in this place.
 B = Non-inter-level travel time spent in this place.
 C = Inter-level travel time spent in this place.
 D = Time resting spent in this place.
 E = Time spent auto-exploring this place.
 F = Levels seen in this place.
 G = Mean time per level.
                   A        B        C        D        E       F      G
               +--------+--------+--------+--------+--------+-----+--------+
         Total |   3199 |   3106 |     93 |      0 |   2788 |   3 | 1066.3 |
       Dungeon |   3199 |   3106 |     93 |      0 |   2788 |   3 | 1066.3 |
               +--------+--------+--------+--------+--------+-----+--------+

Top non-repeatable levels by time:
     D:1: 1333 daAuts
     D:2: 1018 daAuts
     D:3: 846 daAuts
